%YAML 1.1
%TAG !u! tag:unity3d.com,2011:
--- !u!1 &3493568714897871365
GameObject:
  m_ObjectHideFlags: 0
  m_CorrespondingSourceObject: {fileID: 0}
  m_PrefabInstance: {fileID: 0}
  m_PrefabAsset: {fileID: 0}
  serializedVersion: 6
  m_Component:
  - component: {fileID: 3493568714897871366}
  m_Layer: 10
  m_Name: AimPoint
  m_TagString: Untagged
  m_Icon: {fileID: 0}
  m_NavMeshLayer: 0
  m_StaticEditorFlags: 0
  m_IsActive: 1
--- !u!4 &3493568714897871366
Transform:
  m_ObjectHideFlags: 0
  m_CorrespondingSourceObject: {fileID: 0}
  m_PrefabInstance: {fileID: 0}
  m_PrefabAsset: {fileID: 0}
  m_GameObject: {fileID: 3493568714897871365}
  m_LocalRotation: {x: 0, y: 0, z: 0, w: 1}
  m_LocalPosition: {x: 0, y: 0, z: 1.36}
  m_LocalScale: {x: 1, y: 1, z: 1}
  m_Children: []
  m_Father: {fileID: 3493568716287304432}
  m_RootOrder: 0
  m_LocalEulerAnglesHint: {x: 0, y: 0, z: 0}
--- !u!1 &3493568716287304436
GameObject:
  m_ObjectHideFlags: 0
  m_CorrespondingSourceObject: {fileID: 0}
  m_PrefabInstance: {fileID: 0}
  m_PrefabAsset: {fileID: 0}
  serializedVersion: 6
  m_Component:
  - component: {fileID: 3493568716287304432}
  - component: {fileID: 3493568716287304439}
  - component: {fileID: 3493568716287304438}
  - component: {fileID: 3493568716287304437}
  - component: {fileID: 3493568716287304433}
  - component: {fileID: 3493568716287304435}
  - component: {fileID: 7578219449521030113}
  - component: {fileID: 3556974077338530901}
  m_Layer: 10
  m_Name: BallExplosion
  m_TagString: Ball
  m_Icon: {fileID: 0}
  m_NavMeshLayer: 0
  m_StaticEditorFlags: 0
  m_IsActive: 1
--- !u!4 &3493568716287304432
Transform:
  m_ObjectHideFlags: 0
  m_CorrespondingSourceObject: {fileID: 0}
  m_PrefabInstance: {fileID: 0}
  m_PrefabAsset: {fileID: 0}
  m_GameObject: {fileID: 3493568716287304436}
  m_LocalRotation: {x: 0, y: 0, z: 0, w: 1}
  m_LocalPosition: {x: 1.862, y: 0.28, z: 13.26}
  m_LocalScale: {x: 1, y: 1, z: 1}
  m_Children:
  - {fileID: 3493568714897871366}
  - {fileID: 6119266482763666357}
  - {fileID: 806572841536428864}
  m_Father: {fileID: 0}
  m_RootOrder: 0
  m_LocalEulerAnglesHint: {x: 0, y: 0, z: 0}
--- !u!33 &3493568716287304439
MeshFilter:
  m_ObjectHideFlags: 0
  m_CorrespondingSourceObject: {fileID: 0}
  m_PrefabInstance: {fileID: 0}
  m_PrefabAsset: {fileID: 0}
  m_GameObject: {fileID: 3493568716287304436}
  m_Mesh: {fileID: -8779391562072801491, guid: 231ce77e885be41738e5a8f5583cf408, type: 3}
--- !u!23 &3493568716287304438
MeshRenderer:
  m_ObjectHideFlags: 0
  m_CorrespondingSourceObject: {fileID: 0}
  m_PrefabInstance: {fileID: 0}
  m_PrefabAsset: {fileID: 0}
  m_GameObject: {fileID: 3493568716287304436}
  m_Enabled: 1
  m_CastShadows: 1
  m_ReceiveShadows: 1
  m_DynamicOccludee: 1
  m_MotionVectors: 1
  m_LightProbeUsage: 1
  m_ReflectionProbeUsage: 1
  m_RayTracingMode: 2
  m_RenderingLayerMask: 1
  m_RendererPriority: 0
  m_Materials:
  - {fileID: 2100000, guid: 34b5d28a36a6440fc9b5ee59f7eeca3d, type: 2}
  m_StaticBatchInfo:
    firstSubMesh: 0
    subMeshCount: 0
  m_StaticBatchRoot: {fileID: 0}
  m_ProbeAnchor: {fileID: 0}
  m_LightProbeVolumeOverride: {fileID: 0}
  m_ScaleInLightmap: 1
  m_ReceiveGI: 1
  m_PreserveUVs: 0
  m_IgnoreNormalsForChartDetection: 0
  m_ImportantGI: 0
  m_StitchLightmapSeams: 1
  m_SelectedEditorRenderState: 3
  m_MinimumChartSize: 4
  m_AutoUVMaxDistance: 0.5
  m_AutoUVMaxAngle: 89
  m_LightmapParameters: {fileID: 0}
  m_SortingLayerID: 0
  m_SortingLayer: 0
  m_SortingOrder: 0
--- !u!135 &3493568716287304437
SphereCollider:
  m_ObjectHideFlags: 0
  m_CorrespondingSourceObject: {fileID: 0}
  m_PrefabInstance: {fileID: 0}
  m_PrefabAsset: {fileID: 0}
  m_GameObject: {fileID: 3493568716287304436}
  m_Material: {fileID: 0}
  m_IsTrigger: 0
  m_Enabled: 1
  serializedVersion: 2
  m_Radius: 0.41
  m_Center: {x: 0, y: 0, z: 0}
--- !u!136 &3493568716287304433
CapsuleCollider:
  m_ObjectHideFlags: 0
  m_CorrespondingSourceObject: {fileID: 0}
  m_PrefabInstance: {fileID: 0}
  m_PrefabAsset: {fileID: 0}
  m_GameObject: {fileID: 3493568716287304436}
  m_Material: {fileID: 0}
  m_IsTrigger: 1
  m_Enabled: 1
  m_Radius: 0.8611101
  m_Height: 4.83
  m_Direction: 2
  m_Center: {x: 0.05, y: 0.13014424, z: -1.83}
--- !u!54 &3493568716287304435
Rigidbody:
  m_ObjectHideFlags: 0
  m_CorrespondingSourceObject: {fileID: 0}
  m_PrefabInstance: {fileID: 0}
  m_PrefabAsset: {fileID: 0}
  m_GameObject: {fileID: 3493568716287304436}
  serializedVersion: 2
  m_Mass: 1
  m_Drag: 0
  m_AngularDrag: 0.05
  m_UseGravity: 1
  m_IsKinematic: 0
  m_Interpolate: 0
  m_Constraints: 0
  m_CollisionDetection: 0
--- !u!114 &7578219449521030113
MonoBehaviour:
  m_ObjectHideFlags: 0
  m_CorrespondingSourceObject: {fileID: 0}
  m_PrefabInstance: {fileID: 0}
  m_PrefabAsset: {fileID: 0}
  m_GameObject: {fileID: 3493568716287304436}
  m_Enabled: 1
  m_EditorHideFlags: 0
  m_Script: {fileID: 11500000, guid: 8597b2a3433af48158ff7e50406a7cb0, type: 3}
  m_Name: 
  m_EditorClassIdentifier: 
  spherePhysicsCollider: {fileID: 3493568716287304437}
  trigerCollider: {fileID: 3556974077338530901}
  aimPoint: {fileID: 3493568714897871366}
  trail: {fileID: 5505793259856197345}
  maxYForce: 15
  maxZForce: 40
  sensitivity: 10
  radiusConnectWithBall: 1.5
  isShowGroundEffect: 1
  maxNumberKickBall: 2
  maxNumberEnemyContact: 3
  maxNumberEnemyContactInIdleStte: 1
  maxDistanceForDetectCollision: 100
  isShoot: 0
  isCanDetectCollision: 1
  explosion: {fileID: 8538955610469091458}
--- !u!135 &3556974077338530901
SphereCollider:
  m_ObjectHideFlags: 0
  m_CorrespondingSourceObject: {fileID: 0}
  m_PrefabInstance: {fileID: 0}
  m_PrefabAsset: {fileID: 0}
  m_GameObject: {fileID: 3493568716287304436}
  m_Material: {fileID: 0}
  m_IsTrigger: 1
  m_Enabled: 1
  serializedVersion: 2
  m_Radius: 1.5
  m_Center: {x: 0, y: 0, z: -0.000000059604645}
--- !u!1 &8845258384366099991
GameObject:
  m_ObjectHideFlags: 0
  m_CorrespondingSourceObject: {fileID: 0}
  m_PrefabInstance: {fileID: 0}
  m_PrefabAsset: {fileID: 0}
  serializedVersion: 6
  m_Component:
  - component: {fileID: 6119266482763666357}
  - component: {fileID: 5505793259856197345}
  m_Layer: 10
  m_Name: Trail
  m_TagString: Untagged
  m_Icon: {fileID: 0}
  m_NavMeshLayer: 0
  m_StaticEditorFlags: 0
  m_IsActive: 1
--- !u!4 &6119266482763666357
Transform:
  m_ObjectHideFlags: 0
  m_CorrespondingSourceObject: {fileID: 0}
  m_PrefabInstance: {fileID: 0}
  m_PrefabAsset: {fileID: 0}
  m_GameObject: {fileID: 8845258384366099991}
  m_LocalRotation: {x: -0, y: -0, z: -0, w: 1}
  m_LocalPosition: {x: 0, y: 0, z: 0}
  m_LocalScale: {x: 1, y: 1, z: 1}
  m_Children: []
  m_Father: {fileID: 3493568716287304432}
  m_RootOrder: 1
  m_LocalEulerAnglesHint: {x: 0, y: 0, z: 0}
--- !u!114 &5505793259856197345
MonoBehaviour:
  m_ObjectHideFlags: 0
  m_CorrespondingSourceObject: {fileID: 0}
  m_PrefabInstance: {fileID: 0}
  m_PrefabAsset: {fileID: 0}
  m_GameObject: {fileID: 8845258384366099991}
  m_Enabled: 1
  m_EditorHideFlags: 0
  m_Script: {fileID: 11500000, guid: 47f233e4c5d6f4aa6a1618016c2233f3, type: 3}
  m_Name: 
  m_EditorClassIdentifier: 
  profile: {fileID: 0}
  profileSync: 1
  target: {fileID: 3493568716287304432}
  _active: 1
  executeInEditMode: 1
  ignoreFrames: 0
  duration: 0.5
  continuous: 0
  smooth: 0
  checkWorldPosition: 0
  minDistance: 0.1
  worldPositionRelativeOption: 0
  worldPositionRelativeTransform: {fileID: 0}
  checkScreenPosition: 1
  minPixelDistance: 5
  stepsBufferSize: 1024
  maxStepsPerFrame: 60
  checkTime: 0
  timeInterval: 0.2
  checkCollisions: 0
  orientToSurface: 1
  ground: 0
  surfaceOffset: 0.05
  collisionLayerMask:
    serializedVersion: 2
    m_Bits: 4294967295
  drawBehind: 1
  cullMode: 2
  subMeshMask: -1
  colorOverTime:
    serializedVersion: 2
    key0: {r: 1, g: 1, b: 0, a: 1}
    key1: {r: 1, g: 1, b: 1, a: 1}
    key2: {r: 0, g: 0, b: 0, a: 0}
    key3: {r: 0, g: 0, b: 0, a: 0}
    key4: {r: 0, g: 0, b: 0, a: 0}
    key5: {r: 0, g: 0, b: 0, a: 0}
    key6: {r: 0, g: 0, b: 0, a: 0}
    key7: {r: 0, g: 0, b: 0, a: 0}
    ctime0: 0
    ctime1: 65535
    ctime2: 0
    ctime3: 0
    ctime4: 0
    ctime5: 0
    ctime6: 0
    ctime7: 0
    atime0: 0
    atime1: 65535
    atime2: 0
    atime3: 0
    atime4: 0
    atime5: 0
    atime6: 0
    atime7: 0
    m_Mode: 0
    m_NumColorKeys: 2
    m_NumAlphaKeys: 2
  colorSequence: 0
  color: {r: 1, g: 0.89338535, b: 0, a: 1}
  colorCycleDuration: 10
  pingPongSpeed: 1
  colorStartPalette:
    serializedVersion: 2
    key0: {r: 1, g: 0, b: 0, a: 1}
    key1: {r: 0, g: 1, b: 0, a: 1}
    key2: {r: 0, g: 0, b: 1, a: 0}
    key3: {r: 0, g: 0, b: 0, a: 0}
    key4: {r: 0, g: 0, b: 0, a: 0}
    key5: {r: 0, g: 0, b: 0, a: 0}
    key6: {r: 0, g: 0, b: 0, a: 0}
    key7: {r: 0, g: 0, b: 0, a: 0}
    ctime0: 0
    ctime1: 32768
    ctime2: 65535
    ctime3: 0
    ctime4: 0
    ctime5: 0
    ctime6: 0
    ctime7: 0
    atime0: 0
    atime1: 65535
    atime2: 0
    atime3: 0
    atime4: 0
    atime5: 0
    atime6: 0
    atime7: 0
    m_Mode: 0
    m_NumColorKeys: 3
    m_NumAlphaKeys: 2
  cam: {fileID: 0}
  effect: 3
  texture: {fileID: 2800000, guid: 5d67d51a1e4c947a2aaebc1c814a3b7c, type: 3}
  scale: {x: 1, y: 1, z: 1}
  scaleStartRandomMin: {x: 1, y: 1, z: 1}
  scaleStartRandomMax: {x: 1, y: 1, z: 1}
  scaleOverTime:
    serializedVersion: 2
    m_Curve:
    - serializedVersion: 3
      time: 0.0041656494
      value: 1.0047302
      inSlope: -1.0193737
      outSlope: -1.0193737
      tangentMode: 34
      weightedMode: 0
      inWeight: 0
      outWeight: 0.33333334
    - serializedVersion: 3
      time: 0.9874878
      value: 0.002357483
      inSlope: -1.0193737
      outSlope: -1.0193737
      tangentMode: 34
      weightedMode: 0
      inWeight: 0.33333334
      outWeight: 0
    m_PreInfinity: 2
    m_PostInfinity: 2
    m_RotationOrder: 4
  scaleUniform: 0
  localPositionRandomMin: {x: 0, y: 0, z: 0}
  localPositionRandomMax: {x: 0, y: 0, z: 0}
  laserBandWidth: 0.1
  laserIntensity: 20
  laserFlash: 0.1
  trailTint: {r: 0, g: 0, b: 0.1, a: 1}
  animationStates: 
  lookTarget: {fileID: 0}
  lookToCamera: 1
  textureCutOff: 0.5
  normalThreshold: 0.1
  useLastAnimationState: 0
  maxBatches: 1
  meshPoolSize: 256
--- !u!1001 &7022952536781649443
PrefabInstance:
  m_ObjectHideFlags: 0
  serializedVersion: 2
  m_Modification:
    m_TransformParent: {fileID: 3493568716287304432}
    m_Modifications:
    - target: {fileID: 82856800852429982, guid: 90a5083077c144cec99c02dcff8ff987,
        type: 3}
      propertyPath: m_Name
      value: Explosion
      objectReference: {fileID: 0}
    - target: {fileID: 1726845673243590305, guid: 90a5083077c144cec99c02dcff8ff987,
        type: 3}
      propertyPath: forceExplosionWave
      value: 25
      objectReference: {fileID: 0}
    - target: {fileID: 1726845673243590305, guid: 90a5083077c144cec99c02dcff8ff987,
        type: 3}
      propertyPath: radiusExplosionWave
      value: 5
      objectReference: {fileID: 0}
    - target: {fileID: 7658106899758181731, guid: 90a5083077c144cec99c02dcff8ff987,
        type: 3}
      propertyPath: m_RootOrder
      value: 2
      objectReference: {fileID: 0}
    - target: {fileID: 7658106899758181731, guid: 90a5083077c144cec99c02dcff8ff987,
        type: 3}
      propertyPath: m_LocalPosition.x
      value: 0
      objectReference: {fileID: 0}
    - target: {fileID: 7658106899758181731, guid: 90a5083077c144cec99c02dcff8ff987,
        type: 3}
      propertyPath: m_LocalPosition.y
      value: 0
      objectReference: {fileID: 0}
    - target: {fileID: 7658106899758181731, guid: 90a5083077c144cec99c02dcff8ff987,
        type: 3}
      propertyPath: m_LocalPosition.z
      value: 0
      objectReference: {fileID: 0}
    - target: {fileID: 7658106899758181731, guid: 90a5083077c144cec99c02dcff8ff987,
        type: 3}
      propertyPath: m_LocalRotation.w
      value: 1
      objectReference: {fileID: 0}
    - target: {fileID: 7658106899758181731, guid: 90a5083077c144cec99c02dcff8ff987,
        type: 3}
      propertyPath: m_LocalRotation.x
      value: 0
      objectReference: {fileID: 0}
    - target: {fileID: 7658106899758181731, guid: 90a5083077c144cec99c02dcff8ff987,
        type: 3}
      propertyPath: m_LocalRotation.y
      value: 0
      objectReference: {fileID: 0}
    - target: {fileID: 7658106899758181731, guid: 90a5083077c144cec99c02dcff8ff987,
        type: 3}
      propertyPath: m_LocalRotation.z
      value: 0
      objectReference: {fileID: 0}
    - target: {fileID: 7658106899758181731, guid: 90a5083077c144cec99c02dcff8ff987,
        type: 3}
      propertyPath: m_LocalEulerAnglesHint.x
      value: 0
      objectReference: {fileID: 0}
    - target: {fileID: 7658106899758181731, guid: 90a5083077c144cec99c02dcff8ff987,
        type: 3}
      propertyPath: m_LocalEulerAnglesHint.y
      value: 0
      objectReference: {fileID: 0}
    - target: {fileID: 7658106899758181731, guid: 90a5083077c144cec99c02dcff8ff987,
        type: 3}
      propertyPath: m_LocalEulerAnglesHint.z
      value: 0
      objectReference: {fileID: 0}
    m_RemovedComponents: []
  m_SourcePrefab: {fileID: 100100000, guid: 90a5083077c144cec99c02dcff8ff987, type: 3}
--- !u!4 &806572841536428864 stripped
Transform:
  m_CorrespondingSourceObject: {fileID: 7658106899758181731, guid: 90a5083077c144cec99c02dcff8ff987,
    type: 3}
  m_PrefabInstance: {fileID: 7022952536781649443}
  m_PrefabAsset: {fileID: 0}
--- !u!114 &8538955610469091458 stripped
MonoBehaviour:
  m_CorrespondingSourceObject: {fileID: 1726845673243590305, guid: 90a5083077c144cec99c02dcff8ff987,
    type: 3}
  m_PrefabInstance: {fileID: 7022952536781649443}
  m_PrefabAsset: {fileID: 0}
  m_GameObject: {fileID: 0}
  m_Enabled: 1
  m_EditorHideFlags: 0
  m_Script: {fileID: 11500000, guid: 6afc8f598c001462ba581f1fc737e295, type: 3}
  m_Name: 
  m_EditorClassIdentifier: 
